 Dungeon Crawl Stone Soup version 0.31-a0-986-g5e6e4ef867 (webtiles) character file.

Game seed: 16071651208539776250

453 booth the Changeling (level 6, 0/59 HPs)
             Began as a Troll Shapeshifter on Nov 7, 2023.
             Slain by a killer bee (1 damage)
             ... on level 4 of the Dungeon.
             The game lasted 00:17:31 (2722 turns).

booth the Changeling (Troll Shapeshifter)           Turns: 2722, Time: 00:17:32

Health: 0/59       AC:  4    Str: 23    XL:     6   Next: 75%
Magic:  5/5        EV:  9    Int:  6    God:
Gold:   79         SH:  0    Dex: 11    Spells: 5/5 levels left

rFire   . .          .
                       - Unarmed
rCold   . . .        (no shield)
rNeg    . . .        a - +0 animal skin
rPois   .            (helmet currently unavailable)
rElec   .            (cloak currently unavailable)
rCorr   .            (gloves unavailable)
SInv    .            (boots unavailable)
Will    .....        (no amulet)
Stlth   +            (no ring)
HPRegen 1.09/turn    (no ring)
MPRegen 0.09/turn

%: no passive effects
@: lethally poisoned (0 -> 0), beast-form
A: beast (slay +3), large, unfitting armour, claws 3, regeneration 1, shaggy fur
1, tough skin 1
a: Begin Untransformation


You were on level 4 of the Dungeon.
You were a hulking beast.
You visited 1 branch of the dungeon, and saw 4 of its levels.

You collected 105 gold pieces.
You spent 26 gold pieces at shops.

Inventory:

Hand Weapons
 e - a +2 mace
 n - a +0 dagger of venom
Missiles
 l - 10 poisoned darts (quivered)
 o - 5 atropa-tipped darts
 q - a boomerang
Armour
 a - a +0 animal skin (worn)
Talismans
 c - a beast talisman
 d - a flux talisman
Wands
 p - a wand of flame (20)
Scrolls
 g - 3 scrolls of fear
 m - a scroll of enchant weapon
 r - a scroll of vulnerability
Potions
 b - a potion of lignification
 f - a potion of haste
 h - 5 potions of brilliance
 j - 2 potions of mutation
 k - a potion of invisibility


   Skills:
 + Level 2.9 Fighting
 - Level 1.5 Dodging
 + Level 4.5 Unarmed Combat
 * Level 5.4 Shapeshifting


You had 5 spell levels left.
You didn't know any spells.
Your spell library contained the following spells:

 Spells                   Type           Power      Damage    Failure   Level
 Poisonous Vapours        Pois/Air       0%         N/A       58%         2
 Mephitic Cloud           Conj/Pois/Air  0%         N/A       83%         3
 Freezing Cloud           Conj/Ice/Air   0%         6-21      100%        5


Dungeon Overview and Level Annotations

Branches:
Dungeon (4/15)
 Temple: D:4-7

Altars:
Fedhas
Gozag
Kikubaaqudgha
Trog

Shops:
D:1 [??[   D:3 =


Innate Abilities, Weirdness & Mutations

You are a hulking beast.
Your limbs bulge with bestial killing power. (Slay +3)
You are too large for most types of armour.
You have claws for hands.
Your natural rate of healing is unusually fast.
You are covered in fur. (AC +1)
You have tough skin. (AC +1)


Message History

The killer bee stings you.
You claw the killer bee!
You kill the killer bee!
You feel sick. The killer bee stings you.
* * * LOW HITPOINT WARNING * * *
The killer bee stings you.
* * * LOW HITPOINT WARNING * * *
The killer bee stings you.
* * * LOW HITPOINT WARNING * * *
You are lethally poisoned!
The killer bee poisons you!
You feel much better.
You feel very sick. The killer bee stings you.
You are more poisoned.
The killer bee poisons you! The killer bee barely misses you.
The killer bee stings you. The killer bee barely misses you.
As you read the scroll of fear, it crumbles to dust.
You assume a fearsome visage.
The killer bee looks frightened! x2
You feel very sick.
You feel very sick.
You feel very sick.
You feel sick.
You feel sick.
You feel sick.
The killer bee buzzes angrily.
You feel sick.
You feel sick.
The killer bee attacks as it pursues you!
The killer bee stings you!
* * * LOW HITPOINT WARNING * * *
The killer bee closely misses you.
* * * LOW HITPOINT WARNING * * *
You feel sick.
The killer bee stings you but does no damage.
Okay, then.
As you read the scroll of fear, it crumbles to dust.
You assume a fearsome visage.
Nothing appears to happen.
You feel sick. The killer bee stings you.
You die...

### #.# #.#########
#hy.......#
#.###..##.# ##########
#.###..##.# #........#
#.#....##.#
#........###.#†#.....#
#......<....)#.#######
##############.. ...
####


You could see a killer bee.

Vanquished Creatures
  Sigmund (D:3)
  2 killer bees (D:4)
  2 orc priests (D:3)
  Ijyb (D:3)
  3 adders
  3 gnolls (D:2)
  5 dart slugs
  5 orcs
  5 endoplasms
  A giant cockroach (D:3)
  6 goblins
  5 hobgoblins
  6 jackals
  4 kobolds
  2 quokkas
  5 ball pythons
  2 bats (D:1)
  5 frilled lizards
  6 rats
69 creatures vanquished.

Notes
Turn   | Place    | Note
-------+----------+-------------------------------------------
     0 | D:1      | booth the Troll Shapeshifter began the quest for the Orb.
     0 | D:1      | Reached XP level 1. HP: 18/18 MP: 0/0
    42 | D:1      | Found Nuamp's Antique Armour Shoppe.
   200 | D:1      | Reached skill level 1 in Fighting
   219 | D:1      | Reached XP level 2. HP: 27/27 MP: 1/1
   301 | D:1      | Found Cuonwic's Armour Shoppe.
   406 | D:1      | Found Titu's Magic Scroll Shoppe.
   537 | D:1      | Found a faded altar of an unknown god.
   666 | D:1      | Found Ruricob's Magic Scroll Emporium.
   671 | D:1      | Bought a scroll of identify for 26 gold pieces
   785 | D:2      | Reached XP level 3. HP: 30/33 MP: 2/2
   797 | D:2      | You fall into a shaft and drop 2 floors!
   852 | D:4      | Found an opulent altar of Gozag.
   955 | D:3      | Found a blossoming altar of Fedhas.
  1363 | D:2      | Reached XP level 4. HP: 41/41 MP: 3/3
  1370 | D:2      | Reached skill level 4 in Shapeshifting
  1944 | D:3      | Noticed Sigmund
  1949 | D:3      | Killed Sigmund
  1950 | D:3      | Reached XP level 5. HP: 41/50 MP: 4/4
  1965 | D:3      | Found Napemne's Jewellery Shop.
  2075 | D:3      | Found a bloodstained altar of Trog.
  2172 | D:3      | Noticed Ijyb
  2183 | D:3      | Killed Ijyb
  2184 | D:3      | Reached skill level 5 in Shapeshifting
  2184 | D:3      | Reached XP level 6. HP: 36/59 MP: 5/5
  2210 | D:3      | Found an ancient bone altar of Kikubaaqudgha.
  2720 | D:4      | HP: 1/59 [killer bee (8)]
  2722 | D:4      | Slain by a killer bee

Illustrated notes

Levels and vault maps discovered:
D:1:      minmay_arrival_nine_rooms, layout_basic,
          shapermc_ecumenical_altar_mp_highgroup, serial_shops, shop, shop,
          nicolae_shop_pleasant_corner_grove, nicolae_shop_overgrown_old_shop,
          due_unseen_surprise
D:2:      layout_loops_cross, minmay_shallow_snake_nest
D:3:      layout_loops_ring, mainiacjoe_overflow_boulevard,
          mainiacjoe_overflow_brackets, nicolae_kikubaaqudgha_miasma_corner,
          serial_shops, nicolae_shop_gaudy_bauble, uniq_sigmund, uniq_ijyb
D:4:      layout_basic, nzn_wu_jian_council_hall, mainiacjoe_overflow_chevrons

Skill      XL: |  1  2  3  4  5 |
---------------+----------------+-----
Fighting       | 1 2 |  2.9
Shapeshifting  | 4 5 |  5.4
Unarmed Combat | 4 |  4.5
Dodging        | |  1.5

Action                     |  1- 3 |  4- 6 || total
---------------------------+-------+-------++-------
  Melee: Unarmed           |    64 |    81 ||   145
         Punch             |       |     2 ||     2
  Throw: Dart              |       |     8 ||     8
    Use: Scroll            |     6 |     6 ||    12
         Potion            |       |     3 ||     3
   Stab: Sleeping          |       |     1 ||     1
 Armour: Animal skin       |    36 |    69 ||   105
  Dodge: Dodged            |    22 |    38 ||    60

Table legend: (Time is in decaauts)
 A = Elapsed time spent in this place.
 B = Non-inter-level travel time spent in this place.
 C = Inter-level travel time spent in this place.
 D = Time resting spent in this place.
 E = Time spent auto-exploring this place.
 F = Levels seen in this place.
 G = Mean time per level.
                   A        B        C        D        E       F      G
               +--------+--------+--------+--------+--------+-----+--------+
         Total |   2710 |   2607 |    103 |     90 |    627 |   4 |  677.5 |
       Dungeon |   2710 |   2607 |    103 |     90 |    627 |   4 |  677.5 |
               +--------+--------+--------+--------+--------+-----+--------+

Top non-repeatable levels by time:
     D:2: 942 daAuts
     D:3: 874 daAuts
     D:1: 770 daAuts
     D:4: 123 daAuts
